 Dungeon Crawl Stone Soup version 0.19.5 (webtiles) character file.

21130 tidbits the Carver (level 12, -19/90 HPs)
             Began as a High Elf Fighter on Dec 12, 2017.
             Was an Elder of Makhleb.
             Demolished by Xiguana's ghost (25 damage)
             ... on level 1 of the Orcish Mines.
             The game lasted 01:01:16 (6603 turns).

tidbits the Carver (High Elf Fighter)               Turns: 6603, Time: 01:01:17

Health: -19/90     AC:  5    Str: 16 (18) XL:     12   Next: 51%
Magic:  19/19      EV:  9    Int: 11      God:    Makhleb [****..]
Gold:   595        SH:  9    Dex: 19      Spells: 0 memorised, 11 levels left

rFire  . . .     SeeInvis .     q - +2 dagger (elec)
rCold  . . .     Gourm    .     B - +0 plate armour
rNeg   + . .     Faith    .     D - +0 shield
rPois  .         Spirit   .     H - +0 helmet
rElec  .         Reflect  .     C - +1 cloak
rCorr  .         Harm     .     (no gloves)
MR     ++...                    F - +0 pair of boots
Stlth  ..........               M - amulet of regeneration
                                (no ring)
                                S - ring of positive energy

@: corroded
A: repulsion field 1, deterioration 1, magic resistance 1
a: Minor Destruction, Lesser Servant of Makhleb, Major Destruction, Renounce
Religion


You were on level 1 of the Orcish Mines.
You worshipped Makhleb.
Makhleb was greatly pleased with you.
You were not hungry.

You visited 3 branches of the dungeon, and saw 17 of its levels.

You collected 979 gold pieces.
You spent 384 gold pieces at shops.

Inventory:

Hand Weapons
 a - a +3 scimitar of flaming
   (You took it off an efreet on level 14 of the Dungeon)
 d - a +2 dagger of venom
   (You took it off an orc wizard on level 5 of the Dungeon)
 h - a +0 longbow
   (You took it off a centaur warrior on level 13 of the Dungeon)
 k - a +0 hunting sling
   (You found it on level 2 of the Dungeon)
 n - a +0 shortbow of velocity
   (You took it off a centaur on level 10 of the Dungeon)
 q - a +2 dagger of electrocution (weapon)
   (You took it off an orc wizard on level 2 of the Orcish Mines)
 s - a +2 short sword of electrocution
   (You took it off an orc warrior on level 2 of the Orcish Mines)
 A - a +1 long sword
Missiles
 l - 94 stones
 m - 547 arrows
 u - 5 javelins (quivered)
 L - 12 tomahawks
Armour
 B - a +0 plate armour (worn)
   (You found it on level 1 of the Dungeon)
 C - a +1 cloak (worn)
   (You found it on level 1 of the Dungeon)
 D - a +0 shield (worn)
 F - a +0 pair of boots (worn)
   (You found it on level 3 of the Dungeon)
 H - a +0 helmet (worn)
   (You found it on level 3 of the Dungeon)
 O - a +0 buckler
   (You took it off a tengu conjurer on level 10 of the Dungeon)
Jewellery
 x - an uncursed ring of fire
   (You found it on level 2 of the Dungeon)
 E - an uncursed ring of ice
   (You found it on level 6 of the Dungeon)
 I - an uncursed amulet of faith {unknown}
   (You found it on level 10 of the Dungeon)
 J - a cursed amulet of inaccuracy {unknown}
   (You found it on level 10 of the Dungeon)
 M - an amulet of regeneration (around neck)
   (You found it on level 5 of the Dungeon)
 S - a ring of positive energy (left hand)
   (You took it off a meliai on level 13 of the Dungeon)
Wands
 v - a wand of flame (10/48)
   (You took it off a goblin on level 6 of the Dungeon)
 P - a wand of paralysis (14/24)
   (You found it on level 5 of the Dungeon)
 U - a wand of disintegration (0/24)
   (You found it on level 9 of the Dungeon)
 W - a wand of random effects (13/48)
   (You took it off an orc priest on level 9 of the Dungeon)
 X - a wand of polymorph (16/24)
   (You took it off Joseph on level 8 of the Dungeon)
Scrolls
 b - a scroll of fear {unknown}
 c - 2 scrolls of fog
 r - 2 scrolls of immolation
 t - 6 scrolls of teleportation
 z - 2 scrolls of magic mapping
 G - a scroll of torment
 K - 8 scrolls of remove curse
 V - 3 scrolls of amnesia
Potions
 i - a potion of lignification {unknown}
 j - 2 potions of ambrosia
 o - 4 potions of curing
 p - 2 potions of flight
 w - a potion of cancellation {unknown}
 y - 2 potions of might
 N - 3 potions of berserk rage
 Q - 2 potions of brilliance
 Y - a potion of haste
 Z - a potion of agility
Books
 R - a book of Callings
   (You found it on level 11 of the Dungeon)

   Spells                             Type                      Level
   a - Summon Small Mammal            Summoning                    1
   b - Call Imp                       Summoning                    2
   c - Call Canine Familiar           Summoning                    3
   d - Summon Guardian Golem          Hexes/Summoning              3
   e - Summon Lightning Spire         Summoning/Air                4
   f - Summon Ice Beast               Ice/Summoning                4
Comestibles
 e - 5 slices of pizza
 f - 7 bread rations
 g - 4 meat rations


   Skills:
 + Level 11.0 Fighting
 - Level 14.3 Long Blades
 - Level 5.5 Armour
 + Level 10.1 Dodging
 - Level 3.3 Shields
 - Level 8.8 Invocations


You had 11 spell levels left.
You didn't know any spells.

Dungeon Overview and Level Annotations

Branches:
Dungeon (14/15)            Temple (1/1) D:4            Lair (0/6) D:11
    Orc (2/2) D:9             Elf (0/3) Orc:2
 Vaults: D:13-14

Altars:
Ashenzari
Cheibriados
Dithmenos
Elyvilon
Fedhas
Gozag
Hepliaklqana
Makhleb
Nemelex Xobeh
Okawaru
Qazlal
Ru
Trog
Uskayaw
Vehumet
Xom
Yredelemnul
Zin
The Shining One

Shops:
D:9 !

Annotations:
D:11 exclusion: oklob plant
Orc:1 Xiguana's ghost, journeyman HEGl


Innate Abilities, Weirdness & Mutations

You are surrounded by a mild repulsion field. (EV +2)
Your body sometimes deteriorates upon taking damage.
You are resistant to hostile enchantments. (MR+)


Message History

Makhleb accepts your kill.
The ball of steam hits the orc.
The orc dies!
Makhleb accepts your kill.
Evoke which item? (* to show all) (? for menu, Esc to quit)
Zapping:
W - a wand of random effects (will waste charges)
Press: ? - help, Shift-Dir - straight line, f - orc
Aim: an orc, wielding a hand axe and wearing a leather armour (unusually strong)
The orc knight easily resists.
Evoking this partially-identified wand wasted a few charges.
The rust devil hits your smoke demon!
The rust devil corrodes your smoke demon!
Your smoke demon barely misses the rust devil.
Your smoke demon hits the rust devil.
Your smoke demon hits the rust devil but does no damage.
An orc warrior comes into view. It is wielding a short sword.
You hit the orc knight but do no damage.
The rust devil closely misses your smoke demon.
The orc knight hits you with a broad axe!!
The orc knight hits your smoke demon with a broad axe!
Wield which item (- for none, * to show all)? (? for menu, Esc to quit)
Your +3 scimitar of flaming stops flaming.
You hear the crackle of electricity.
q - a +2 dagger of electrocution (weapon)
The orc is engulfed in a cloud of scalding steam.
Your smoke demon gestures at the rust devil.
The ball of steam hits the rust devil.
The rust devil resists.
You hit the orc knight but do no damage.
The rust devil hits your smoke demon.
The rust devil corrodes your smoke demon!
You closely miss the orc knight.
Your smoke demon gestures at the rust devil.
The ball of steam hits the rust devil.
The rust devil resists.
The orc is engulfed in a cloud of scalding steam.
The orc dies!
Makhleb accepts your kill. The orc knight closely misses you.
The orc knight hits your smoke demon with a broad axe!
Your smoke demon dies!
The rust devil screeches!
A demon appears!
You hear a shout! x4
Makhleb accepts your kill.
Your Fighting skill increases to level 11!
You feel a bit more experienced.
The orc knight hits you with a broad axe!!
* * * LOW HITPOINT WARNING * * *
Your body deteriorates!
You feel weakened.
The orc is engulfed in a cloud of scalding steam.
The orc dies!
Makhleb accepts your kill.
Your hellwing hits the orc knight but does no damage.
Your hellwing hits the orc knight. The rust devil hits you.
The rust devil corrodes you!
Items here: )) [ †† a flail; a chain mail; a hand axe; an orc corpse x2
The orc knight hits something but does no damage.
You hit the rust devil but do no damage.
The rust devil is severely wounded.
The rust devil hits you.
* * * LOW HITPOINT WARNING * * *
The rust devil corrodes you!
The orc knight hits your hellwing with a broad axe!!
Your hellwing closely misses the rust devil.
Your hellwing hits the rust devil but does no damage.
The orc knight hits your hellwing with a broad axe!!
Your hellwing dies!
There is a stone staircase leading up here.
You climb upwards.
Level annotation: Xiguana's ghost, journeyman HEGl The orc shouts!
You block the ogre's attack. Xiguana's ghost hits you!!
* * * LOW HITPOINT WARNING * * *
Your body deteriorates!
You feel weakened. The orc completely misses you.
The orc priest invokes the aid of Beogh against you.
Beogh smites you!
* * * LOW HITPOINT WARNING * * *
The ogre hits you with a giant club!
* * * LOW HITPOINT WARNING * * *
An orc warrior comes into view. It is wielding a short sword.
The orc warrior shouts!
An orc comes into view.
It is wielding a short sword of protection.
There is a stone staircase leading down, spattered with blood here.
Okay, then.
Okay, then.
Unknown command.
As you read the scroll labeled PIHUAJ FULL, it crumbles to dust.
Your body is wracked with pain!
* * * LOW HITPOINT WARNING * * *
The ogre convulses!
The orc convulses! x2; The orc priest convulses!
The orc convulses!
The orc shouts!
The orc warrior convulses!
It was a scroll of torment.
You block the rust devil's attack. You block Xiguana's ghost's attack.
The orc closely misses you. The orc priest barely misses you.
As you read the scroll labeled TINANW OTUAMU, it crumbles to dust.
Wisps of shadow whirl around you...
It was a scroll of summoning.
Xiguana's ghost hits you!!
You die...

.... #...##
.... ... .#.
._... o......
...o. .o.o...
......##.#.....
..ogoo#.o......
#..go.gWo....#.
......
#...o@Oo.o.o#
.....
#..o..4##....
..$. .....go..#
. ...
#......... ..#
.#.....o...
..##
......o.....
...##
.....#.$..o..
....#
..............
...#...


You could see a rust devil, an orc warrior, an ogre, an orc priest, Xiguana's
ghost, 3 orcs, a friendly orc knight, 3 friendly orc warriors, a friendly orc
priest, 2 friendly orc wizards, 4 friendly gnolls and 7 friendly orcs.

Vanquished Creatures
  Kirke (D:14)
  3 centaur warriors
  A hydra (D:13)
  The ghost of tidbits the Demolition Elf, a novice HEAs of Makhleb (D:9)
  A manticore (D:14)
  An orc knight (Orc:2)
  2 hill giants
  A deep elf mage (D:12)
  An orc sorcerer (Orc:1)
  A cyclops (D:13)
  Joseph (D:8)
  A centaur skeleton (D:14)
  A gargoyle (D:13)
  An efreet (D:14)
  A hellwing (Orc:2)
  A tengu conjurer (D:10)
  A meliai (D:13)
  3 trolls
  Grinder (D:5)
  4 hippogriffs
  2 slime creatures
  A spriggan (D:10)
  A hog (D:14)
  7 yaks
  A vampire mosquito (D:13)
  3 wargs
  2 ice beasts
  A sky beast (D:13)
  2 phantoms
  A necrophage (D:11)
  6 orc warriors
  A black bear (D:13)
  An eye of draining (D:14)
  6 ogres
  23 centaurs
  A crocodile (D:13)
  5 bullfrogs
  A water moccasin zombie (D:11)
  A wyvern skeleton (D:10)
  A scorpion (D:9)
  12 killer bees
  3 howler monkeys
  4 wights
  An electric eel (D:12)
  2 crimson imps
  A bullfrog zombie (D:12)
  A quasit (D:10)
  2 centaur zombies
  9 orc priests
  4 hounds
  2 jellies
  13 orc wizards
  A gnoll shaman (D:7)
  A bullfrog skeleton (D:6)
  2 iguanas
  2 worker ants
  A hound zombie (D:8)
  2 hound skeletons
  A howler monkey skeleton (D:11)
  12 gnolls
  2 adders
  8 river rats (D:5)
  3 shadow imps
  An ooze (D:4)
  3 dart slugs
  4 leopard geckos
  38 orcs
  3 giant cockroaches
  9 hobgoblins
  5 jackals
  6 kobolds
  2 quokkas
  A ball python (D:4)
  10 bats
  3 frilled lizards
  5 goblins
  A leopard gecko skeleton (D:5)
  2 quokka skeletons
  A quokka zombie (D:6)
  28 rats
306 creatures vanquished.

Vanquished Creatures (collateral kills)
  An ugly thing (D:12)
  A freezing wraith (D:14)
  A two-headed ogre (D:12)
  2 meliai (D:13)
  4 slime creatures
  A hippogriff (D:12)
  A wraith (D:13)
  3 yaks
  A vampire mosquito (D:13)
  A phantom (D:14)
  4 orc warriors (Orc:2)
  2 ogres (Orc:2)
  3 centaurs
  A bullfrog (D:13)
  A centaur zombie (D:10)
  An orc wizard (Orc:1)
  9 orcs
37 creatures vanquished.

Vanquished Creatures (others)
  A centaur zombie (D:14)
  3 humans (D:14)
  A centaur (D:12)
5 creatures vanquished.

Grand Total: 348 creatures vanquished

Notes
Turn   | Place    | Note
-------+----------+-------------------------------------------
     0 | D:1      | tidbits the High Elf Fighter began the quest for the Orb.
     0 | D:1      | Reached XP level 1. HP: 16/16 MP: 2/2
    98 | D:1      | Reached XP level 2. HP: 14/21 MP: 3/3
   279 | D:1      | Reached skill level 3 in Shields
   421 | D:1      | Reached XP level 3. HP: 21/26 MP: 4/4
   795 | D:3      | Reached skill level 3 in Long Blades
   971 | D:4      | Reached XP level 4. HP: 32/33 MP: 5/5
  1001 | D:4      | Reached skill level 4 in Long Blades
  1010 | D:4      | Reached XP level 5. HP: 15/37 MP: 6/6
  1023 | D:4      | Found a white marble altar of Elyvilon.
  1048 | D:4      | Found a staircase to the Ecumenical Temple.
  1053 | Temple   | Entered the Ecumenical Temple
  1134 | Temple   | Became a worshipper of Makhleb the Destroyer
  1290 | D:5      | Entered Level 5 of the Dungeon
  1306 | D:5      | Reached skill level 5 in Long Blades
  1756 | D:5      | Noticed Grinder
  1767 | D:5      | Killed Grinder
  1767 | D:5      | Reached skill level 4 in Armour
  1767 | D:5      | Reached XP level 6. HP: 39/43 MP: 7/7
  1782 | D:5      | Reached skill level 5 in Armour
  1828 | D:5      | Reached * piety under Makhleb
  1828 | D:5      | Reached XP level 7. HP: 42/47 MP: 8/8
  2194 | D:6      | Reached skill level 6 in Long Blades
  2237 | D:6      | Reached ** piety under Makhleb
  2327 | D:6      | Reached skill level 1 in Invocations
  2389 | D:6      | Reached skill level 2 in Invocations
  2394 | D:6      | Reached skill level 3 in Invocations
  2405 | D:6      | Reached skill level 4 in Invocations
  2426 | D:6      | Reached XP level 8. HP: 44/54 MP: 12/12
  2526 | D:7      | Gained mutation: Your body sometimes deteriorates upon taking damage. [potion of mutation]
  2526 | D:7      | Gained mutation: You are resistant to hostile enchantments. (MR+) [potion of mutation]
  2526 | D:7      | Gained mutation: You are surrounded by a mild repulsion field. (EV +2) [potion of mutation]
  2541 | D:6      | Found a radiant altar of Vehumet.
  2579 | D:6      | Reached skill level 5 in Invocations
  2628 | D:6      | Reached skill level 6 in Invocations
  2647 | D:6      | Found an iron altar of Okawaru.
  2650 | D:6      | Found a glowing silver altar of Zin.
  2808 | D:7      | Reached skill level 7 in Invocations
  2833 | D:7      | Found a shattered altar of Ashenzari.
  2968 | D:7      | Reached skill level 8 in Invocations
  3164 | D:9      | Reached skill level 4 in Fighting
  3164 | D:9      | Reached skill level 7 in Long Blades
  3164 | D:9      | Reached XP level 9. HP: 44/58 MP: 16/16
  3249 | D:9      | Reached *** piety under Makhleb
  3297 | D:9      | Reached skill level 8 in Long Blades
  3306 | D:9      | Found a staircase to the Orcish Mines.
  3368 | D:8      | Noticed Joseph
  3376 | D:8      | Killed Joseph
  3376 | D:8      | Reached skill level 5 in Fighting
  3501 | D:9      | Found Suxkuzxius's Distillery.
  3506 | D:9      | Bought a potion of heal wounds for 60 gold pieces
  3506 | D:9      | Bought a potion of curing for 36 gold pieces
  3506 | D:9      | Bought a potion of haste for 120 gold pieces
  3506 | D:9      | Bought a potion of might for 48 gold pieces
  3506 | D:9      | Bought a potion of agility for 48 gold pieces
  3506 | D:9      | Bought a potion of berserk rage for 60 gold pieces
  3506 | D:9      | Bought a potion of degeneration for 12 gold pieces
  3586 | D:10     | Entered Level 10 of the Dungeon
  3614 | D:10     | Noticed a troll
  3622 | D:10     | Killed a troll
  3622 | D:10     | Reached skill level 9 in Long Blades
  3677 | D:10     | Noticed a hill giant
  3693 | D:10     | Killed a hill giant
  3693 | D:10     | Reached skill level 6 in Fighting
  3693 | D:10     | Reached skill level 10 in Long Blades
  3769 | D:10     | Reached skill level 1 in Dodging
  3921 | D:10     | Reached XP level 10. HP: 66/68 MP: 17/17
  3930 | D:11     | Noticed an oklob plant
  3948 | D:10     | Reached skill level 2 in Dodging
  3970 | D:10     | Reached skill level 11 in Long Blades
  4236 | D:10     | Reached **** piety under Makhleb
  4236 | D:10     | Reached skill level 3 in Dodging
  4414 | D:11     | Reached skill level 7 in Fighting
  4465 | D:12     | Noticed a hill giant
  4488 | D:12     | Killed a hill giant
  4488 | D:12     | Reached skill level 4 in Dodging
  4535 | D:12     | Reached skill level 12 in Long Blades
  4630 | D:13     | Noticed a cyclops
  4655 | D:13     | Killed a cyclops
  4674 | D:12     | Noticed a brown ugly thing
  4690 | D:12     | Killed a brown ugly thing
  4690 | D:12     | Reached skill level 5 in Dodging
  4749 | D:12     | Reached XP level 11. HP: 59/77 MP: 18/18
  4888 | D:12     | Noticed a deep elf mage
  4911 | D:12     | Killed a deep elf mage
  4965 | D:13     | Reached skill level 8 in Fighting
  4965 | D:13     | Reached skill level 13 in Long Blades
  4977 | D:13     | Noticed an orc knight
  4998 | D:13     | Noticed a vault guard
  4998 | D:13     | Noticed a deep elf archer
  5013 | D:13     | Noticed a centaur warrior
  5037 | D:13     | Killed a centaur warrior
  5139 | D:13     | Reached skill level 6 in Dodging
  5220 | D:14     | Noticed a centaur warrior
  5237 | D:14     | Killed a centaur warrior
  5280 | D:14     | Noticed Kirke
  5303 | D:14     | Killed Kirke
  5303 | D:14     | Reached skill level 14 in Long Blades
  5354 | D:14     | Reached skill level 7 in Dodging
  5371 | D:14     | Reached ***** piety under Makhleb
  5371 | D:14     | Reached skill level 9 in Fighting
  5395 | D:14     | Noticed a centaur warrior
  5510 | D:13     | Noticed a four-headed hydra
  5524 | D:13     | Killed a one-headed hydra
  5524 | D:13     | Reached skill level 8 in Dodging
  5529 | D:13     | Reached XP level 12. HP: 72/86 MP: 19/19
  5548 | D:13     | Noticed a centaur warrior
  5574 | D:13     | Killed a centaur warrior
  5620 | D:13     | Reached skill level 10 in Fighting
  5873 | D:12     | Reached skill level 9 in Dodging
  6074 | D:9      | Noticed tidbits's ghost (novice HEAs)
  6096 | D:9      | Killed tidbits's ghost
  6161 | Orc:1    | Entered Level 1 of the Orcish Mines
  6238 | Orc:2    | Entered Level 2 of the Orcish Mines
  6329 | Orc:1    | You fall through a shaft!
  6397 | Orc:2    | Found a staircase to the Elven Halls.
  6481 | Orc:2    | Reached skill level 10 in Dodging
  6519 | Orc:1    | Found a bloodstained altar of Trog.
  6519 | Orc:1    | Noticed Xiguana's ghost (journeyman HEGl)
  6584 | Orc:2    | Reached skill level 11 in Fighting
  6601 | Orc:1    | HP: 5/90 [ogre/giant club (11)]
  6603 | Orc:1    | Demolished by Xiguana's ghost

Skill      XL: |  1  2  3  4  5  6  7  8  9 10 11 12 |
---------------+-------------------------------------+-----
Shields        | 3 |  3.3
Long Blades    | 3 4 5 6 7 10 12 14 | 14.3
Armour         | 4 5 |  5.5
Invocations    | 4 8 |  8.8
Fighting       | 4 6 7 9 11 | 11.0
Dodging        | 1 5 8 10 | 10.1

Action                   |  1- 3 |  4- 6 |  7- 9 | 10-12 || total
-------------------------+-------+-------+-------+-------++-------
Melee: Long sword        |   129 |    98 |   380 |   381 ||   988
       Dagger            |    32 |    20 |   179 |   134 ||   365
       Scimitar          |       |       |       |   212 ||   212
Throw: Javelin           |       |     2 |     3 |     8 ||    13
Invok: Lesser Servant of |       |       |       |    19 ||    19
Evoke: Wand              |       |       |    18 |    29 ||    47
  Use: Scroll            |     3 |       |     9 |    14 ||    26
       Potion            |       |     2 |     2 |     4 ||     8
 Stab: Paralysed         |       |       |     8 |    10 ||    18
       Distracted        |       |       |       |    11 ||    11
  Eat: Chunk             |       |     3 |     2 |     1 ||     6
       Beef jerky        |       |       |     1 |     1 ||     2
       Royal jelly       |       |       |     2 |     1 ||     3
       Fruit             |       |       |     1 |    11 ||    12
Armor: Scale mail        |     7 |       |       |       ||     7
       Plate armour      |   176 |    77 |   316 |   348 ||   917
Dodge: Dodged            |    27 |    12 |    88 |   178 ||   305
Block: Shield            |   130 |    49 |   269 |   305 ||   753
       Rpst.: Long sword |     7 |     2 |    21 |    21 ||    51
       Scimitar          |       |       |       |    23 ||    23

Table legend:
 A = Turns spent in this place as a percentage of turns spent in the entire game.
 B = Non-inter-level travel turns spent in this place as a percentage of non-inter-level travel turns spent in the entire game.
 C = Inter-level travel turns spent in this place as a percentage of turns spent in this place.
 D = Turns resting spent in this place as a percentage of non-inter-level travel turns spent in this place.
 E = Turns spent auto-exploring this place as a percentage of non-inter-level travel turns spent in this place.
 F = Non-inter-level travel turns spent in this place divided by the number of levels of this place that you've seen.
                   A       B       C       D       E      F
               +-------+-------+-------+-------+-------+----------------------
         Total | 100.0 | 100.0 |   0.1 |   0.0 |   0.0 | 367.5
       Dungeon |  91.1 |  91.1 |   0.1 |   0.0 |   0.0 | 406.4
        Temple |   1.8 |   1.8 |   0.9 |   0.0 |   0.9 | 113.0
  Orcish Mines |   7.1 |   7.1 |   0.0 |   0.0 |   0.0 | 222.0
               +-------+-------+-------+-------+-------+----------------------

Table legend:
 A = Kills in this place as a percentage of kills in entire the game.
 B = Kills by you in this place as a percentage of kills by you in the entire game.
 C = Kills by friends in this place as a percentage of kills by friends in the entire game.
 D = Other kills in this place as a percentage of other kills in the entire game.
 E = Experience gained in this place as a percentage of experience gained in the entire game.
 F = Experience gained in this place divided by the number of levels of this place that you have seen.
                   A       B       C       D       E      F
               +-------+-------+-------+-------+-------+----------------------
         Total | 100.0 | 100.0 | 100.0 | 100.0 | 100.0 | 1775.7
       Dungeon |  89.0 |  92.5 |  59.5 | 100.0 |  89.4 | 1926.9
  Orcish Mines |  11.0 |   7.5 |  40.5 |   0.0 |  10.6 | 1605.0
               +-------+-------+-------+-------+-------+----------------------

Vault maps used:
D:1:      dpeg_arrival_water_temple_mockup, minmay_split_cup_large
D:3:      uniq_jessica
D:4:      old_standard_altar, minmay_temple_entry_nine_rooms,
          minmay_close_crescents
D:5:      lemuel_ratsnest, first_bread, uniq_grinder, uniq_duvessa
D:6:      led_sif_pool, vehumet_altar_wand_db, grunt_temple_overflow_open
D:7:      ashenzari_conservatory_becter, serial_shops, shop,
          uniq_crazy_yiuf_cottage
D:8:      uniq_joseph, uniq_gastronok
D:9:      erik_orc_4, serial_shops, kennysheep_little_box
D:10:     the_bakery
D:11:     dpeg_oklobed_lair, serial_column_ruins, column_ruins_hut_water,
          column_ruins_open_small, column_ruins_open_tiny,
          column_ruins_open_medium, column_ruins_grid_1
D:12:     roderic_chinese_pattern_swastika, minmay_stone_trees_small,
          kennysheep_potato
D:13:     grunt_vaults_entry_fortified
D:14:     uniq_kirke
Temple:   regret_index_temple_generic_petals
Orc:1:    basic_altar
Orc:2:    pf_orc_diabolical
